Unix NetHack Version 3.7.0-65 Work-in-progress - last build Oct 10 2022 05:34:18 (2afc5cfc90f7ecdc2856d9919a2295b875398e55,branch:master). Game began 2022-10-16 10:50:35, ended 2022-10-16 19:25:01. torpedovariant, lawful female human Rogue ---------------- ...%............. ---%----.......... .......--.......... ....... --....%..... 4 ..... |......0%... ----- ..4 ------- ..- |... 5 5.41 --)---- --..--------- -|---- ... ?.-- --..)|.......| .... ......%---....|.......| 44 4a.4 3 .... %.%$.%..0..._...| 4----A----4 .....---....|.......| 2 |.......| ...-- --...|.......| 5|..Q%@..| --- --..--------- 5 |..@@...| |... |.....e.| 5 ----- |.......| --------- 3 5 Torpedovariant the Robber St:25 Dx:18 Co:18 In:11 Wi:18 Ch:16 Lawful Astral Plane $:0 HP:348(402) Pw:87(87) AC:-28 Exp:16 T:41831 Burdened Latest messages: You feel momentarily dizzy. The quantum mechanic misses! The displacer beast moves the nurse out of its way! Pick an object. What do you want to use or apply? [behkps-vzGIJMNTX or ?*] You can see again. The quantum mechanic misses! You hear a mumbled curse. You hear a mumbled curse. There is a high altar to Issek (lawful) here. What do you want to use or apply? [behkps-vzGIJMNTX or ?*] y - an uncursed wand of wishing (1:1). You hear a mumbled curse. What do you want to zap? [pyzITX or ?*] You may wish for an object. c - a greased visored helmet. Your movements are slowed slightly because of your load. The high priestess of Issek swings her mace. The high priestess of Issek hits! The high priestess of Issek kicks! The high priestess of Issek casts a spell at you! You feel momentarily dizzy. The high priestess of Issek points at you, then curses. You hear a mumbled curse. The Angel of Mog points at you, then curses. What do you want to take off? [CDEF or ?*] You finish taking off your helm. What do you want to wear? [cF or ?*] The Angel of Mog swings his long sword at the fire ant. The Angel of Mog hits the fire ant. The Angel of Mog's long sword is not affected by heat. The Angel of Mog swings his long sword at the fire ant. The Angel of Mog hits the fire ant. The Angel of Mog hits the fire ant. The Angel of Mog knocks the fire ant back with a powerful blow! The fire ant is killed! The Angel of Mog points at you, then curses. You finish your dressing maneuver. Your mind oscillates briefly. You are blasted by Stormbringer's power! You are blasted by the Master Key of Thievery's power! The visored helmet glows black for a moment. There is a high altar to Issek (lawful) here. What do you want to sacrifice? [HU or ?*] You offer the Amulet of Yendor to Issek... An invisible choir sings, and you are bathed in radiance... The voice of Issek booms out: "Mortal, thou hast done well!" "In return for thy service, I grant thee the gift of Immortality!" You ascend to the status of Demigoddess... Do you want your possessions identified? [ynq] (y) Inventory: Amulets R - a cursed amulet of reflection (being worn) U - an uncursed cheap plastic imitation of the Amulet of Yendor Weapons a - the blessed rustproof +6 Stormbringer (wielded in right hand) w - a blessed greased +6 silver saber (wielded in left hand) Armor c - a cursed greased rustproof +2 helm of opposite alignment (being worn) A - a cursed +4 Hawaiian shirt with an orchid motif (being worn) B - an uncursed greased +4 gray dragon scale mail (being worn) C - a blessed greased fireproof +4 cloak of protection (being worn) D - a blessed greased fireproof +5 pair of speed boots (being worn) E - a blessed rustproof +4 pair of gauntlets of power (being worn) F - an uncursed rusty +0 dwarvish iron helm Comestibles L - an uncursed lizard corpse named KFC Q - an uncursed partly eaten food ration Scrolls V - an uncursed scroll of teleportation Spellbooks h - the cursed Book of the Dead Rings W - a blessed ring of free action (on left hand) Z - a cursed ring of conflict (on right hand) Wands p - an uncursed wand of teleportation (0:5) y - an uncursed wand of wishing (1:0) z - an uncursed wand of digging (0:0) I - an uncursed wand of death (1:3) T - an uncursed wand of teleportation (0:7) X - an uncursed wand of death (0:0) Tools b - a blessed bag of holding containing 91 items e - a blessed stethoscope k - an uncursed skeleton key s - an uncursed sack named cancellation containing 3 items t - a blessed blindfold u - a blessed +0 unicorn horn named Lh; v - a blessed magic lamp (lit) G - the blessed Master Key of Thievery J - the uncursed Candelabrum of Invocation (0 of 7 candles attached) M - the uncursed Bell of Opening (0:0) N - a blessed magic marker (0:11) Gems/Stones x - a blessed luckstone Contents of the bag of holding: an uncursed amulet of life saving an uncursed amulet of magical breathing 4 uncursed +0 daggers named Q 6 uncursed +0 daggers named Q an uncursed +0 pair of water walking boots an uncursed -1 pair of levitation boots an uncursed burnt +1 dwarvish cloak an uncursed +0 mummy wrapping 6 uncursed food rations an uncursed lizard corpse named MCD 3 uncursed scrolls of earth 7 blessed scrolls of blank paper 18 uncursed scrolls of blank paper an uncursed scroll of blank paper 2 blessed scrolls of charging named blessed an uncursed scroll of charging an uncursed scroll of create monster 4 blessed scrolls of fire a blessed scroll of genocide named ; an uncursed scroll of genocide 5 blessed scrolls of identify a blessed scroll of remove curse 2 blessed scrolls of scare monster an uncursed scroll of taming 7 uncursed scrolls of teleportation an uncursed scroll of teleportation 2 uncursed potions of fruit juice 16 potions of holy water 4 uncursed potions of water 3 potions of unholy water a blessed diluted potion of extra healing a blessed potion of extra healing 4 blessed diluted potions of full healing 2 uncursed potions of healing 2 blessed potions of levitation 2 blessed potions of paralysis 2 uncursed potions of paralysis 3 blessed potions of restore ability an uncursed potion of restore ability an uncursed ring of free action a blessed ring of levitation an uncursed ring of levitation an uncursed ring of levitation an uncursed ring of regeneration an uncursed ring of regeneration an uncursed ring of regeneration a blessed ring of shock resistance an uncursed ring of slow digestion an uncursed ring of teleport control an uncursed wand of cold (0:7) an uncursed wand of cold (0:0) an uncursed wand of cold (0:1) an uncursed wand of digging (0:4) an uncursed wand of digging (0:2) an uncursed wand of digging (0:7) an uncursed wand of digging (0:8) an uncursed wand of digging (0:7) an uncursed wand of digging (0:6) an uncursed wand of digging (0:4) an uncursed wand of digging (0:5) an uncursed wand of digging (0:2) an uncursed wand of fire (0:4) an uncursed wand of fire (0:3) an uncursed wand of lightning (0:5) an uncursed wand of lightning (0:6) an uncursed wand of lightning (0:6) an uncursed wand of lightning (0:6) a cursed wand of lightning (0:5) an uncursed wand of magic missile (0:4) an uncursed wand of polymorph (0:8) an uncursed wand of secret door detection (0:14) an uncursed wand of secret door detection (0:10) an uncursed wand of sleep (0:5) an uncursed wand of sleep (0:3) an uncursed wand of sleep (0:5) an uncursed wand of speed monster (0:7) an uncursed wand of speed monster (0:4) an uncursed wand of speed monster (0:4) an uncursed wand of speed monster (0:2) an uncursed wand of striking (0:3) an uncursed wand of striking (0:5) an uncursed wand of striking (0:3) an uncursed wand of striking (0:4) an uncursed wand of striking (0:5) an uncursed wand of striking (0:5) an uncursed wand of striking (0:0) an uncursed bugle an uncursed frost horn (0:3) an uncursed wax candle an uncursed magic whistle an uncursed +1 pick-axe Contents of the sack named cancellation: an uncursed wand of cancellation (0:3) an uncursed wand of cancellation (0:0) a blessed wand of cancellation (0:8) Torpedovariant the Rogue's attributes: Background: You were a Robber, a level 16 female human Rogue. You were lawful, temporarily on a mission for Issek who was opposed by Mog (neutral) and Kos (chaotic). You were actually chaotic. You were in the endgame, on the Astral Plane. You entered the dungeon 41831 turns ago. You had 383010 experience points, 256990 more were needed to attain level 17. Basics: You had 348 out of 402 hit points. You had all 87 energy points (spell power). Your armor class was -28. Your wallet was empty. Autopickup was off. Final Characteristics: Your strength was 25 (base:18/38, innate limit:18/100). Your dexterity was 18 (limit:18). Your constitution was 18 (limit:18). Your intelligence was 11 (limit:18). Your wisdom was 18 (limit:18). Your charisma was 16 (limit:18). Final Status: You were not hungry. You were burdened; movement was slightly slowed. You were wielding two weapons at once. You were skilled in broadsword and two weapons. You also were skilled in saber and two weapons. Final Attributes: You were the Glory of Arioch. You were fervently aligned. You were magic-protected. You were fire resistant. You were cold resistant. You were sleep resistant. You were disintegration resistant. You were shock resistant. You were poison resistant. You were level-drain resistant. You saw invisible. You were telepathic. You were warned. You had automatic searching. You were invisible to others. You were stealthy. You caused conflict. You had teleport control. You were protected. You took half physical damage. You were very fast. You had reflection. You had free action. You were extremely lucky. You had extra luck. Good luck did not time out for you. You survived. Miscellaneous: You never encountered a bones level. Total elapsed playing time was 5 hours, 18 minutes and 54 seconds. Major events: Turn 1: torpedovariant the chaotic female human Rogue entered the dungeon 1081: attained the rank of Cutpurse (level 3) 1572: entered the Gnomish Mines 2822: attained the rank of Rogue (level 6) 5269: entered Sokoban 5711: completed 1st Sokoban level 6224: completed 2nd Sokoban level 6824: completed 3rd Sokoban level 8072: completed 4th Sokoban level 8731: acquired the Sokoban amulet of reflection 10462: was bestowed with Sting by Kos 10976: attained the rank of Pilferer (level 10) 12781: was bestowed with Stormbringer by Kos 17164: acquired the Mines' End luckstone 18109: was chosen to steal souls for the Glory of Kos 22730: entered the Bigroom 25997: attained the rank of Robber (level 14) 28794: killed Medusa 30478: made her first wish - "blessed fixed greased greased greased greased +2 gray dragon scale mail", got "a greased gray dragon scale mail" 30537: entered Gehennom 31643: wished for "blessed greased greased greased fixed +2 silver saber", got "a greased silver saber" 32467: wished for "blessed greased greased greased fixed +2 boots of speed", got "a greased pair of riding boots" 35598: killed the Master Assassin 35599: found the Master Key of Thievery on the floor 35600: acquired the Bell of Opening 36103: performed her first genocide (class L) 36104: genocided class h 36138: wished for "blessed greased fixed greased greased greased greased +2 cloak of protection", got "a greased ornamental cope" 37466: bribed Asmodeus with 40 zorkmids for safe passage 37492: killed Juiblex 37686: bribed Baalzebub with 10 zorkmids for safe passage 37997: destroyed Vlad the Impaler 38003: acquired the Candelabrum of Invocation 38806: killed the invisible Orcus 38887: killed Yeenoghu 39402: wished for "blessed magic marker", got "a magic marker" 40124: killed the Wizard of Yendor 40131: acquired the Book of the Dead 40142: performed the invocation 40150: killed the Wizard of Yendor (2nd time) 40249: killed the high priest of Moloch 40254: acquired The Amulet of Yendor 40950: killed the Wizard of Yendor (3rd time) 41414: entered the Elemental Planes 41414: entered Plane of Earth 41473: entered Plane of Air 41515: entered Plane of Fire 41573: entered Plane of Water 41576: genocided class ; 41736: killed the Wizard of Yendor (5th time) 41741: entered the Astral Plane 41759: killed Pestilence 41789: killed Pestilence (2nd time) 41811: killed the invisible Famine 41827: wished for "blessed greased greased greased greased greased greased greased greased greased greased greased fixed +2 helm of opposite alignment", got "a greased visored helmet" 41831: ascended Vanquished creatures: Orcus Yeenoghu Juiblex the Wizard of Yendor (6 times) Pestilence (twice) Famine Vlad the Impaler a high cleric 3 mastodons Medusa 16 krakens 3 storm giants a titan a glass golem 3 balrogs 4 purple worms a gold dragon 2 red dragons 5 white dragons 6 black dragons a blue dragon a yellow dragon 13 minotaurs a jabberwock the Master Assassin 4 baluchitheria 4 Angels 2 stone golems a master mind flayer 6 Olog-hai 6 pit fiends a sandestin 4 hell hounds 2 displacer beasts 2 titanotheres a trapper a baby white dragon 21 guardian nagas a genetic engineer 25 vampire leaders 4 skeletons 6 aligned clerics 5 captains 6 shades 4 liches 2 water trolls 4 clay golems 2 nurses 4 ice devils 6 nalfeshnees 3 lurkers above an Aleax a frost giant an ettin 2 golden nagas 7 black puddings 21 vampires 3 lieutenants 28 ghosts a cave dweller 2 queen bees 2 mind flayers 7 giant mimics 6 long worms 4 zruties 3 fire giants 4 ogre tyrants 11 ice trolls 4 rock trolls 3 umber hulks 4 flesh golems 3 elven monarchs 5 hezrous 5 bone devils 5 large mimics 5 couatls 5 stalkers 3 air elementals 2 fire elementals 7 earth elementals 9 water elementals 3 hill giants 7 giant mummies 6 xorns 16 giant zombies 3 elf-nobles 9 sergeants 4 barbed devils 6 vrocks 4 salamanders 8 wargs a winter wolf 2 hell hound pups 15 small mimics 2 glass piercers 3 warhorses 2 steam vortices 2 xans 4 ettin mummies 6 ogre leaders 4 quantum mechanics 14 trolls 3 wood golems 3 erinyes 2 mariliths a djinni 12 sharks 8 electric eels 5 gelatinous cubes 4 large dogs a freezing sphere 5 flaming spheres 7 shocking spheres 8 large cats 7 tigers 2 gargoyles 2 dwarf rulers 7 tengu 2 ochre jellies 4 leocrottas 5 energy vortices a mountain centaur 4 stone giants 6 elf mummies 4 human mummies 6 red nagas 2 green slimes 3 pythons 3 pit vipers 2 cobras 30 wraiths 3 carnivorous apes 14 ettin zombies 5 leather golems 5 Grey-elves 48 soldiers 4 amorous demons 2 horned devils 19 chameleons 6 crocodiles 17 giant beetles 3 quivering blobs 16 cockatrices 12 wolves 8 winter wolf cubs 2 lynxes 2 panthers 14 gremlins 3 spotted jellies 120 leprechauns 17 orc-captains 3 iron piercers a mumak 12 giant spiders 4 scorpions 6 horses 7 black lights 11 vampire bats 2 forest centaurs 7 gnome rulers 2 orc mummies 6 dwarf mummies 2 ogres 3 brown puddings 4 rust monsters 13 owlbears 10 yetis 6 gold golems 4 werewolves 5 piranha 19 giant eels 13 lizards 3 chickatrices a dingo 7 dogs 6 housecats 6 jaguars 6 dwarf leaders 9 blue jellies 6 white unicorns a gray unicorn 12 dust vortices 4 ravens 6 plains centaurs 3 gnome mummies 2 snakes 12 water moccasins 8 apes 22 human zombies 5 rope golems 4 Woodland-elves 13 soldier ants 16 fire ants 7 bugbears 3 imps 2 lemures 4 quasits 7 wood nymphs 21 water nymphs 2 mountain nymphs 6 Mordor orcs 5 Uruk-hai 13 orc shamans 5 rock piercers 8 rock moles 3 ponies 7 fog clouds 9 yellow lights 7 violet fungi 17 gnome leaders 5 gnomish wizards 5 kobold mummies 4 gray oozes 5 barrow wights 8 elf zombies 14 ghouls 2 straw golems 2 paper golems 7 jellyfish 11 giant ants 2 little dogs 13 floating eyes 35 dwarves 2 homunculi a kobold leader 4 kobold shamans 45 hill orcs 20 rothes 2 rabid rats 2 centipedes 4 giant bats 3 monkeys 11 orc zombies 9 dwarf zombies 2 wererats 5 werejackals 14 iguanas 68 killer bees 7 acid blobs 6 coyotes 2 gas spores 8 hobbits 6 manes 9 hobgoblins 7 orcs 8 giant rats 8 cave spiders a brown mold 3 yellow molds a green mold 68 gnomes 19 garter snakes 14 gnome zombies 11 geckos 12 jackals 6 foxes 3 kobolds 12 goblins 6 sewer rats 16 grid bugs 13 bats 12 lichens 11 kobold zombies 20 newts 1970 creatures vanquished. Genocided or extinct species: hobbits dwarves bugbears dwarf leaders dwarf rulers mind flayers master mind flayers leprechauns (extinct) liches demiliches master liches arch-liches erinyes (extinct) jellyfish piranha sharks giant eels electric eels krakens 17 species genocided. 2 species extinct. Voluntary challenges: You read items or engraved 106 times. You never engraved Elbereth. You genocided 17 types of monsters. You never changed form. You used 6 wishes. You did not wish for any artifacts. You did not violate any of the special Sokoban rules. Achievements: You entered a shop. You attained the rank of Cutpurse. You entered the Gnomish Mines. You attained the rank of Rogue. You entered Sokoban. You completed Sokoban. You attained the rank of Pilferer. You completed the Gnomish Mines. You entered the Big Room. You entered a temple. You attained the rank of Robber. You defeated Medusa. You learned the tune to open and close the Castle's drawbridge. You entered Gehennom. You had the Bell of Opening. You had the Candelabrum of Invocation. You had the Book of the Dead. You gained access to Moloch's Sanctum. You reached the Elemental Planes. You reached the Astral Plane. You delivered the Amulet of Yendor. You ascended! The Elemental Planes: Astral Plane: <- You are here. Some temples. Plane of Water: Plane of Fire: Plane of Air: Plane of Earth: The Dungeons of Doom: levels 1 to 26 Level 1: Some fountains. One way stairs up to The Elemental Planes. Level 2: A shop, a fountain. Level 3: Level 4: "shk $0" A general store, an altar, a grave. Stairs down to The Gnomish Mines. Level 5: Many fountains. Oracle of Delphi. Level 6: Stairs up to Sokoban, level 5. Level 7: "shopkeeper $592" A general store, a fountain. Level 8: Level 9: A grave. Level 10: "backup holding >" Some fountains. Level 11: A very big room. Portal to The Quest. Level 12: Level 13: Level 14: A fountain. Level 15: A primitive area. Level 16: An altar. Level 17: A fountain. Level 18: "poly traps, food stash chest" A temple, a fountain, a grave. Level 19: Level 20: "spent sink" A fountain, a sink, a grave. Level 21: "uni stash" A temple, a grave. Level 22: "backup mithrils" A fountain. Level 23: "ring sink" An altar, a sink. Level 24: Level 25: "! >" Level 26: A fountain. The castle (play notes "AECGG" to open or close drawbridge). Connection to Gehennom. Gehennom: levels 27 to 47 Level 27: A temple, many graves. Valley of the Dead. Level 28: Level 29: Level 30: Level 31: Level 32: Level 33: A fountain. Level 34: Level 35: Stairs up to Vlad's Tower, level 34. Level 36: Level 37: Level 38: Some shops, an altar, many graves. Level 39: Level 40: Level 41: Level 42: Level 43: Level 44: Level 45: Level 46: Level 47: A temple, many graves. Moloch's Sanctum. The Gnomish Mines: levels 5 to 13 Level 5: Level 6: Level 7: "stash >" Level 8: "stash 0 (ring fire res, food, /oCreateMonster, tricks)" An altar, a fountain. Level 9: Level 10: Level 11: "stash >" Level 12: "stash >" Level 13: A fountain. The Quest: levels 1 to 6 Level 1: Completed quest for the Master of Thieves. Level 2: Level 3: Level 4: Level 5: Level 6: Sokoban: levels 5 up to 2 Level 2: Solved. Level 3: Solved. Level 4: Solved. Level 5: Solved. Vlad's Tower: levels 34 up to 32 Level 32: Level 33: Level 34: Goodbye torpedovariant the Demigoddess... You went to your reward with 850596 points, Stormbringer (worth 8000 zorkmids and 20000 points) The Book of the Dead (worth 10000 zorkmids and 25000 points) The Master Key of Thievery (worth 3500 zorkmids and 8750 points) The Candelabrum of Invocation (worth 5000 zorkmids and 12500 points) The Bell of Opening (worth 5000 zorkmids and 12500 points) and 0 pieces of gold, after 41831 moves. You were level 16 with a maximum of 402 hit points when you ascended.